 Dungeon Crawl Stone Soup version 0.26-a0-540-g8a0c9464d7 (webtiles) character file.

Game seed: 17102335054374623843

23 vurker the Covert (level 2, 0/29 HPs)
             Began as a Gnoll Delver on Aug 23, 2020.
             Killed from afar by an orc wizard (6 damage)
             ... with a magic dart
             ... on level 3 of the Dungeon.
             The game lasted 00:00:28 (334 turns).

vurker the Covert (Gnoll Delver)                     Turns: 334, Time: 00:00:29

Health: 0/29       AC:  3    Str: 14    XL:     2   Next: 95%
Magic:  2/2        EV: 14    Int: 12    God:
Gold:   0          SH:  0    Dex: 16    Spells: 2/2 levels left

rFire    . . .     SeeInvis .   g - +0 hand axe (vorpal)
rCold    . . .     Faith    .   (no shield)
rNeg     . . .     Spirit   .   b - +0 leather armour
rPois    .         Reflect  .   (no helmet)
rElec    .         Harm     .   (no cloak)
rCorr    .                      (no gloves)
MR       .....                  (no boots)
Stlth    ++++......             (no amulet)
HPRegen  0.09/turn              (no ring)
MPRegen  0.08/turn              (no ring)

@: no status effects
A: distributed training, fangs 1, strong nose
a: no special abilities


You were on level 3 of the Dungeon.
You visited 1 branch of the dungeon, and saw 3 of its levels.

Inventory:

Hand Weapons
 a - a +0 mace
 g - a +0 vorpal hand axe (weapon)
   (You took it off an orc on level 4 of the Dungeon)
Armour
 b - a +0 leather armour (worn)
Wands
 v - a wand of digging (3)
Scrolls
 c - a scroll of fog
 d - a scroll of magic mapping
 e - a scroll of fear
Potions
 f - a potion of haste


   Skills:
 + Level 6.5 Fighting
 + Level 0.5 Short Blades
 + Level 0.5 Long Blades
 + Level 0.5 Axes
 + Level 4.5 Maces & Flails
 + Level 0.5 Polearms
 + Level 0.5 Staves
 + Level 0.5 Slings
 + Level 0.5 Bows
 + Level 0.5 Crossbows
 + Level 0.5 Throwing
 + Level 0.5 Armour
 + Level 4.5 Dodging
 + Level 9.5 Stealth
 + Level 0.5 Shields
 + Level 0.5 Unarmed Combat
 + Level 0.5 Spellcasting
 + Level 0.4 Conjurations
 + Level 0.4 Hexes
 + Level 0.4 Summonings
 + Level 0.4 Necromancy
 + Level 0.4 Translocations
 + Level 0.4 Transmutations
 + Level 0.4 Fire Magic
 + Level 0.4 Ice Magic
 + Level 0.4 Air Magic
 + Level 0.4 Earth Magic
 + Level 0.4 Poison Magic
 + Level 0.7 Invocations
 + Level 0.5 Evocations


You had 2 spell levels left.
You didn't know any spells.
Your spell library was empty.

Dungeon Overview and Level Annotations

Branches:
Dungeon (5/15)
 Temple: D:4-7

Altars:


Innate Abilities, Weirdness & Mutations

Your experience applies equally to all skills.
You have very sharp teeth.
Your uncanny sense of smell can sniff out nearby items.


Message History

You kill the ball python!
You barely miss the orc.
The orc throws a boomerang.
The boomerang misses you.
The weapon returns to the orc!
The orc misses you.
The orc throws a boomerang.
The boomerang barely misses you.
The weapon returns to the orc!
You hit the orc. Your bite misses the orc. The orc hits you but does no damage.
The orc hits you. The orc wizard closely misses you.
You hit the orc.
You hit the orc wizard but do no damage.
The orc throws a boomerang.
The boomerang closely misses you. The orc misses you.
The orc wizard completely misses you.
You hit the orc.
You kill the orc!
You closely miss the orc wizard.
The orc throws a boomerang.
The boomerang misses you.
The weapon returns to the orc!
The orc wizard barely misses you.
The orc throws a boomerang.
The boomerang hits you but does no damage.
The weapon returns to the orc!
You hit the orc wizard but do no damage.
Your bite misses the orc wizard. The orc wizard casts a spell at you.
The puff of flame hits you!
The orc throws a boomerang.
The boomerang closely misses you.
The weapon returns to the orc!
The orc wizard hits you but does no damage.
You hit the orc wizard but do no damage.
The orc throws a boomerang.
The boomerang hits you.
* * * LOW HITPOINT WARNING * * *
The weapon returns to the orc!
The orc wizard casts a spell at you. The magic dart hits you.
* * * LOW HITPOINT WARNING * * *
You hit the orc wizard.
The orc throws a boomerang.
The boomerang closely misses you.
The orc wizard looks encouraged for a moment.
You hit the orc wizard.
The orc throws a boomerang.
The boomerang hits you but does no damage.
The weapon returns to the orc!
The orc wizard hits you with a +0 dagger.
* * * LOW HITPOINT WARNING * * *
The orc throws a boomerang.
The boomerang barely misses you.
The weapon returns to the orc!
The orc wizard closely misses you.
Unknown command.
You barely miss the orc wizard.
The orc throws a boomerang.
The boomerang closely misses you.
The weapon returns to the orc!
The orc wizard hits you but does no damage.
You hit the orc wizard but do no damage.
Your bite misses the orc wizard.
The orc throws a boomerang.
The boomerang completely misses you.
The orc wizard points at you and mumbles some strange words.
The magic dart hits you.
You die...

#..?.....#
#........#
#....o...#
#........#
#........#
#........#
#........#
#...o@†..+
#........#
#........#
#####+####


You could see an orc wizard and an orc.

Vanquished Creatures
  An adder (D:4)
  A dart slug (D:4)
  A leopard gecko (D:4)
  3 orcs
  A ball python (D:3)
  A goblin (D:3)
8 creatures vanquished.

Notes
Turn   | Place    | Note
-------+----------+-------------------------------------------
     0 | D:5      | Reached skill level 9 in Stealth
     0 | D:5      | vurker the Gnoll Delver began the quest for the Orb.
     0 | D:5      | Reached XP level 1. HP: 23/23 MP: 1/1
   129 | D:3      | Noticed an orc wizard
   136 | D:4      | Reached XP level 2. HP: 21/29 MP: 2/2
   334 | D:3      | Killed from afar by an orc wizard

Illustrated notes

Levels and vault maps discovered:
D:3:      layout_basic, nicolae_qazlal_style_of_elements, dk_yredelemnul_ordeal
D:4:      layout_basic
D:5:      layout_cave_pods, grunt_temple_overflow_open

Skill      XL: | |
---------------+-+-----
Stealth        | |  9.5
Fighting       | |  6.5
Short Blades   | |  0.5
Long Blades    | |  0.5
Axes           | |  0.5
Maces & Flails | |  4.5
Polearms       | |  0.5
Staves         | |  0.5
Slings         | |  0.5
Bows           | |  0.5
Crossbows      | |  0.5
Throwing       | |  0.5
Armour         | |  0.5
Dodging        | |  4.5
Shields        | |  0.5
Unarmed Combat | |  0.5
Spellcasting   | |  0.5
Conjurations   | |  0.4
Hexes          | |  0.4
Summonings     | |  0.4
Necromancy     | |  0.4
Translocations | |  0.4
Transmutations | |  0.4
Fire Magic     | |  0.4
Ice Magic      | |  0.4
Air Magic      | |  0.4
Earth Magic    | |  0.4
Poison Magic   | |  0.4
Invocations    | |  0.7
Evocations     | |  0.5

Action                   || total
-------------------------++-------
Melee: Mace              ||    13
       Bite              ||     2
       Hand axe          ||    18
Armor: Leather armour    ||     7
Dodge: Dodged            ||    36

Table legend: (Time is in decaauts)
 A = Elapsed time spent in this place.
 B = Non-inter-level travel time spent in this place.
 C = Inter-level travel time spent in this place.
 D = Time resting spent in this place.
 E = Time spent auto-exploring this place.
 F = Levels seen in this place.
 G = Mean time per level.
                   A        B        C        D        E       F      G
               +--------+--------+--------+--------+--------+-----+--------+
         Total |    341 |    334 |      7 |    277 |      1 |   3 |  113.7 |
       Dungeon |    341 |    334 |      7 |    277 |      1 |   3 |  113.7 |
               +--------+--------+--------+--------+--------+-----+--------+

Top non-repeatable levels by time:
     D:4: 316 daAuts
     D:3: 16 daAuts
     D:5: 9 daAuts
